 Dungeon Crawl Stone Soup version 0.19-a0-1568-gdd01aac (webtiles) character file.

23 TheGoonsmith the Sneak (level 2, -1/14 HPs)
             Began as a Vine Stalker Enchanter on Sept 15, 2016.
             Slain by an adder (2 damage)
             ... on level 2 of the Dungeon.
             The game lasted 00:01:33 (880 turns).

TheGoonsmith the Sneak (Vine Stalker Enchanter)      Turns: 880, Time: 00:01:34

Health: -1/14      AC:  3    Str: 10    XL:     2   Next: 95%
Magic:  0/6        EV: 12    Int: 15    God:
Gold:   40         SH:  0    Dex: 14    Spells: 0 memorised, 5 levels left

rFire  . . .     SeeInvis .     f - -2 short sword (curse)
rCold  . . .     Gourm    .     b - +1 robe
rNeg   . . .     Faith    .     (no shield)
rPois  .         Spirit   +     (no helmet)
rElec  .         Dismiss  .     (no cloak)
rCorr  .         Reflect  .     (no gloves)
MR     .....     Harm     .     (no boots)
Stlth  ++........               (no amulet)
                                (no ring)
                                (no ring)

@: lethally poisoned (-1 -> -2)
A: fangs 2, blurry vision 1, regeneration 1, screaming 1, magic shield,
antimagic bite, no device heal 3, rot immunity
a: no special abilities


You were on level 2 of the Dungeon.
You were not hungry.

You visited 1 branch of the dungeon, and saw 2 of its levels.

You collected 40 gold pieces.

Inventory:

Hand Weapons
 a - a +1 dagger
 f - a cursed -2 short sword (weapon)
Missiles
 e - 7 tomahawks (quivered)
Armour
 b - a +1 robe (worn)
Scrolls
 j - a scroll of magic mapping {unknown}
Books
 c - a book of Maledictions

   Spells                             Type                      Level
   a - Corona                         Hexes                        1
   b - Ensorcelled Hibernation        Hexes/Ice                    2
   c - Confuse                        Hexes                        3
   d - Tukima's Dance                 Hexes                        3
   e - Dazzling Spray                 Conjuration/Hexes            3
Comestibles
 d - a bread ration
 h - 5 fruits


   Skills:
 + Level 1.0 Fighting
 * Level 2.1 Short Blades
 - Level 1.5 Dodging
 - Level 3.6 Stealth
 - Level 2.1 Spellcasting
   Level 3.0 Hexes


You had 5 spell levels left.
You didn't know any spells.

Dungeon Overview and Level Annotations

Branches:
Dungeon (2/15)

Altars:


Innate Abilities, Weirdness & Mutations

You have extremely sharp teeth.
When hurt, damage is shared between your health and your magic reserves.
Your bite disrupts and absorbs the magic of your enemies.
Potions and wands cannot restore your health.
You are immune to rotting.
Scrolls take you a little longer to read.
Your natural rate of healing is unusually fast.
You occasionally shout uncontrollably at your foes.


Message History

* * * LOW HITPOINT WARNING * * *
You feel sick. The adder misses you.
It was a potion of mutation.
You feel extremely strange.
You begin to heal more quickly.
Your vision blurs.
You feel the urge to shout.
You feel sick. The adder bites you but does no damage.
You completely miss the adder. You bite the adder. You drain its power.
You feel invigorated.
The adder is almost dead.
The adder bites you.
* * * LOW HITPOINT WARNING * * *
You are lethally poisoned!
The adder poisons you!
You hit the adder but do no damage. Your bite misses the adder.
The adder is almost dead.
* * * LOW HITPOINT WARNING * * *
You feel sick. The adder bites you but does no damage. The adder bites you.
You closely miss the adder.
The adder is almost dead.
The adder bites you.
You die... .#.###### .....gS@# .#.######

You could see an adder and a hobgoblin.

Vanquished Creatures
  An ooze (D:1)
  A dart slug (D:1)
  A bat (D:1)
  A giant cockroach (D:1)
  A goblin (D:1)
  A hobgoblin (D:1)
  A kobold (D:1)
  12 rats (D:1)
19 creatures vanquished.

Notes
Turn   | Place    | Note
-------+----------+-------------------------------------------
     0 | D:1      | TheGoonsmith the Vine Stalker Enchanter began the quest for the Orb.
     0 | D:1      | Reached XP level 1. HP: 9/9 MP: 4/4
    44 | D:1      | Reached skill level 1 in Short Blades
   107 | D:1      | Reached XP level 2. HP: 14/14 MP: 6/6
   121 | D:1      | Reached skill level 1 in Fighting
   877 | D:2      | Gained mutation: Your natural rate of healing is unusually fast. [potion of mutation]
   877 | D:2      | Gained mutation: Scrolls take you a little longer to read. [potion of mutation]
   877 | D:2      | Gained mutation: You occasionally shout uncontrollably at your foes. [potion of mutation]
   880 | D:2      | Slain by an adder

Vault maps used:
D:1:      erik_arrival_orb_chamber

Skill      XL: |  1  2 |
---------------+-------+-----
Short Blades   | 1 2 |  2.1
Fighting       | 1 |  1.0
Dodging        | |  1.5
Stealth        | |  3.6
Spellcasting   | |  2.1
Hexes          | |  3.0

Action                   || total
-------------------------++-------
Melee: Short sword       ||    79
       Bite              ||    13
  Use: Scroll            ||     4
       Potion            ||     2
 Stab: Sleeping          ||     4
Armor: Robe              ||    11
Dodge: Dodged            ||    48
